 Dungeon Crawl Stone Soup version 0.18-a0-1229-ge9a1a01 (webtiles) character file.

5550 Ghalim the Basher (level 10, 0/70 HPs)
             Began as a Gargoyle Fighter on Feb 3, 2016.
             Was a Priest of Okawaru.
             Slain by a red ugly thing (23 damage)
             ... on level 8 of the Dungeon.
             The game lasted 00:21:19 (10076 turns).

Ghalim the Basher (Gargoyle Fighter)               Turns: 10076, Time: 00:21:19

Health: 0/70       AC: 16    Str: 23    XL:     10   Next: 71%
Magic:  10/10      EV:  7    Int:  9    God:    Okawaru [***...]
Gold:   365        SH:  9    Dex:  9    Spells: 0 memorised, 9 levels left

rFire  . . .     SeeInvis .     a - +0 flail
rCold  . . .     Gourm    .     b - +0 scale mail
rNeg   + . .     Faith    .     c - +0 shield
rPois  ∞         Spirit   .     l - +0 helmet (curse)
rElec  +         Dismiss  .     B - +0 cloak
rCorr  .         Reflect  .     (no gloves)
SustAt +         Harm     .     (no boots)
MR     .....                    (no amulet)
Stlth  ..........               (no ring)
                                r - ring of sustain attributes

@: not resistant to hostile enchantments, extremely unstealthy
A: negative energy resistance 1, electricity resistance, unbreathing,
petrification resistance, rot immunity, AC +7
a: Heroism, Renounce Religion


You were on level 8 of the Dungeon.
You worshipped Okawaru.
Okawaru was most pleased with you.
You were very hungry.

You visited 2 branches of the dungeon, and saw 10 of its levels.

You collected 365 gold pieces.

Inventory:

Hand Weapons
 a - a +0 flail (weapon)
Armour
 b - a +0 scale mail (worn)
 c - a +0 shield (worn)
 l - a cursed +0 helmet (worn)
 m - a +2 cloak
 B - a +0 cloak (worn)
Jewellery
 r - a ring of sustain attributes (left hand)
Wands
 u - a wand of disintegration (9/24)
 z - a wand of lightning (11/15)
 E - a wand of hasting (4/9)
Scrolls
 o - 3 scrolls of remove curse
 q - a scroll of amnesia
 y - a scroll of identify
 A - a scroll of teleportation
 D - 3 scrolls of vulnerability {unknown}
 F - a scroll of magic mapping
 K - a scroll of recharging {unknown}
Potions
 d - a potion of might
 s - a potion of heal wounds
 v - 2 potions of cancellation {unknown}
 w - a potion of haste {unknown}
 x - a potion of lignification {unknown}
 H - a potion of magic {unknown}
 J - a potion of poison {unknown}
Comestibles
 f - 7 bread rations
 h - 11 meat rations
 p - 2 beef jerkies
 t - 7 royal jellies
 C - 4 fruits


   Skills:
 + Level 11.3 Fighting
 + Level 11.9 Maces & Flails
 - Level 3.2 Armour
 - Level 3.2 Shields


You had 9 spell levels left.
You didn't know any spells.

Dungeon Overview and Level Annotations

Branches:
Dungeon (9/15)             Temple (1/1) D:7            Lair (0/8) D:8
    Orc: D:9-12

Altars:
Ashenzari
Cheibriados
Dithmenos
Elyvilon
Fedhas
Gozag
Kikubaaqudgha
Makhleb
Nemelex Xobeh
Okawaru
Pakellas
Qazlal
Ru
Sif Muna
Trog
Vehumet
Xom
Yredelemnul
Zin
The Shining One


Innate Abilities, Weirdness & Mutations

You are resistant to torment.
Your stone body is resilient (AC +7).
You are immune to poison.
You resist negative energy.
You are resistant to electric shocks.
You can survive without breathing.
You are immune to petrification.
You are immune to rotting.


Message History

There is a stone staircase leading up here.
You climb upwards.
There is a stone staircase leading down here.
You barely miss the red ugly thing.
The red ugly thing is lightly wounded.
The red ugly thing barely misses you.
You hit the red ugly thing but do no damage.
The red ugly thing is lightly wounded.
You block the red ugly thing's attack.
You barely miss the red ugly thing.
The red ugly thing is lightly wounded.
The red ugly thing engulfs you.
You are engulfed in flames!!
* * * LOW HITPOINT WARNING * * *
You thump the red ugly thing!
The red ugly thing is moderately wounded.
The red ugly thing engulfs you but does no damage.
Drink which item? (? for menu, Esc to quit)
You feel much better. The red ugly thing engulfs you.
You are engulfed in flames!!
You die...

### #.# #########.#
#.....)...# #.#######.# #)#
#.# #.# #.#
##.#######.#########
................@\.#
...#######.####.u..# ...#
#.# ##....### ...#######.#
#.......# ...#.......#
#.......#
...#.#####.###(......#######
.............#.............#
##...........####.....####.#
#...........# #.....'))..#


You could see a red ugly thing.

Vanquished Creatures
  The ghost of coatel the Cleaver, a novice DsWn (D:7)
  Joseph (D:9)
  The ghost of Ghalim the Cudgeler, a novice GrFi (D:5)
  A queen bee (D:7)
  Grinder (D:5)
  Sigmund (D:2)
  A shadow (D:8)
  An orc warrior (D:8)
  An ice beast (D:4)
  A necrophage (D:6)
  A black bear (D:6)
  A centaur (D:6)
  The ghost of coatel the Chopper, an amateur DsWn (D:3)
  4 ogres
  A crocodile (D:9)
  A big kobold (D:7)
  4 giant frogs
  2 scorpions (D:4)
  6 wights (D:8)
  17 killer bees
  2 crimson imps
  A quasit (D:8)
  A hound (D:8)
  2 jellies
  9 orc wizards
  A centaur zombie (D:8)
  4 orc priests
  2 centaur skeletons
  A giant frog skeleton (D:8)
  2 iguanas
  6 worker ants
  A hound zombie (D:6)
  2 worker ant zombies
  Robin (D:2)
  16 gnolls
  11 adders
  A shadow imp (D:8)
  6 oozes (D:1)
  2 adder zombies (D:7)
  An adder skeleton (D:6)
  2 worms (D:2)
  5 giant geckos
  21 orcs
  2 ball pythons
  7 bats
  6 giant cockroaches
  17 goblins
  15 hobgoblins
  8 jackals
  14 kobolds
  6 quokkas
  A giant gecko skeleton (D:4)
  5 giant newts
  A jackal skeleton (D:4)
  A quokka skeleton (D:6)
  22 rats
  A rat zombie (D:2)
254 creatures vanquished.

Notes
Turn   | Place    | Note
--------------------------------------------------------------
     0 | D:1      | Ghalim the Gargoyle Fighter began the quest for the Orb.
     0 | D:1      | Reached XP level 1. HP: 14/14 MP: 1/1
     1 | D:1      | Found a runed door.
    33 | D:1      | Reached XP level 2. HP: 19/19 MP: 2/2
   652 | D:1      | Reached XP level 3. HP: 21/24 MP: 3/3
  1240 | D:1      | Reached XP level 4. HP: 26/29 MP: 4/4
  1254 | D:1      | Reached skill level 4 in Fighting
  1316 | D:2      | Noticed Robin
  1429 | D:2      | Killed Robin
  1462 | D:2      | Noticed Sigmund
  1646 | D:2      | Found an ancient bone altar of Kikubaaqudgha.
  1710 | D:2      | Reached XP level 5. HP: 31/34 MP: 5/5
  2315 | D:2      | Killed Sigmund
  2315 | D:2      | Reached skill level 5 in Fighting
  2315 | D:2      | Reached skill level 5 in Maces & Flails
  2315 | D:2      | Reached XP level 6. HP: 5/40 MP: 6/6
  2775 | D:3      | Found a deep blue altar of Sif Muna.
  2827 | D:3      | Reached XP level 7. HP: 38/44 MP: 7/7
  2841 | D:3      | Reached skill level 6 in Maces & Flails
  2967 | D:3      | Noticed coatel's ghost (amateur DsWn)
  2987 | D:3      | Killed coatel's ghost
  3819 | D:4      | Reached skill level 7 in Maces & Flails
  3900 | D:5      | Entered Level 5 of the Dungeon
  3944 | D:4      | Reached XP level 8. HP: 43/52 MP: 8/8
  4042 | D:5      | Noticed Ghalim's ghost (novice GrFi)
  4352 | D:5      | Noticed an air elemental
  4362 | D:5      | Found a stormy altar of Qazlal.
  4365 | D:5      | Noticed a water elemental
  4811 | D:5      | Noticed Grinder
  4819 | D:5      | Paralysed by Grinder for 2 turns
  4830 | D:5      | Killed Grinder
  4830 | D:5      | Reached skill level 8 in Maces & Flails
  4874 | D:5      | Killed Ghalim's ghost
  4874 | D:5      | Reached skill level 9 in Maces & Flails
  5063 | D:5      | Found a shadowy altar of Dithmenos.
  5321 | D:6      | Found a glowing silver altar of Zin.
  5459 | D:6      | Reached XP level 9. HP: 54/59 MP: 9/9
  6145 | D:6      | Got a shadowed robe
  6481 | D:7      | Found a staircase to the Ecumenical Temple.
  6488 | Temple   | Entered the Ecumenical Temple
  6549 | Temple   | Became a worshipper of Warmaster Okawaru
  6613 | D:7      | Found a white marble altar of Elyvilon.
  6707 | D:7      | Noticed coatel's ghost (novice DsWn)
  6728 | D:7      | HP: 3/60 [adder zombie (1)]
  7090 | D:7      | Reached skill level 10 in Maces & Flails
  7471 | D:7      | Killed coatel's ghost
  7471 | D:7      | Reached * piety under Okawaru
  7621 | D:8      | Noticed a queen bee
  8052 | D:7      | Reached skill level 10 in Fighting
  8052 | D:7      | Reached XP level 10. HP: 39/68 MP: 10/10
  8185 | D:7      | Reached skill level 11 in Maces & Flails
  8360 | D:7      | Reached ** piety under Okawaru
  8908 | D:8      | Found a sacrificial altar of Ru.
  9227 | D:8      | Found a staircase to the Lair.
  9893 | D:9      | Noticed Joseph
  9912 | D:9      | Killed Joseph
  9912 | D:9      | Reached *** piety under Okawaru
 10015 | D:9      | Noticed a red ugly thing
 10074 | D:8      | HP: 1/70 [red ugly thing (22)]
 10076 | D:8      | Slain by a red ugly thing

Vault maps used:
D:1:      dpeg_arrival_caged_fury, serial_bayou_lagoon_a,
          minmay_misc_feat_ornament
D:2:      lemuel_zombie_altar_kikubaaqudgha, uniq_sigmund, uniq_robin
D:3:      nicolae_overflow_crystal_walls, kennysheep_generic_room_8
D:4:      first_bread
D:5:      nicolae_qazlal_style_of_elements, lemuel_statue_altar, uniq_grinder
D:6:      lemuel_crystal_altar
D:7:      old_standard_altar, minmay_temple_entry_statues_fountains
D:8:      old_standard_altar, david_nohive_1
D:9:      hiddenorc2_lemuel, uniq_joseph
Temple:   water_room_temple_a_12

Action                   |  1- 3 |  4- 6 |  7- 9 | 10-12 || total
-------------------------+-------+-------+-------+-------++-------
Melee: Flail             |   145 |   257 |   688 |   316 ||  1406
  Use: Potion            |       |     1 |     2 |     1 ||     4
       Scroll            |       |       |     8 |     2 ||    10
  Eat: Chunk             |       |     7 |    18 |     3 ||    28
       Beef jerky        |       |       |       |     2 ||     2
